 Dungeon Crawl Stone Soup version 0.25.1-2-g60ff931df9 (webtiles) character file.

Game seed: 18123284136519808716

13528 Peloso the Blocker (level 11, 0/97 HPs)
             Began as a Minotaur Fighter on Aug 27, 2020.
             Was a High Priest of Okawaru.
             Slain by a blink frog (6 damage)
             ... on level 1 of the Lair of Beasts.
             The game lasted 00:29:56 (12597 turns).

Peloso the Blocker (Minotaur Fighter)              Turns: 12597, Time: 00:29:57

Health: 0/97       AC: 20    Str: 23    XL:     11   Next: 76%
Magic:  11/11      EV:  8    Int:  5    God:    Okawaru [*****.]
Gold:   406        SH: 14    Dex: 16    Spells: 10/10 levels left

rFire    . . .     SeeInvis .   b - +9 short sword "Epsorph" {vorpal, rC++}
rCold    + + .     Gourm    .   c - +1 kite shield
rNeg     . . .     Faith    .   s - +0 plate armour
rPois    +         Spirit   .   (helmet restricted)
rElec    .         Reflect  .   K - +1 cloak
rCorr    .         Harm     .   L - +0 pair of gloves
MR       +....                  y - +0 pair of boots
Stlth    ..........             O - amulet "Jyirgh" {Acrobat Dex+5}
HPRegen  0.26/turn              i - ring of protection from magic
MPRegen  0.12/turn              R - ring of poison resistance

@: no status effects
A: retaliatory headbutt, horns 2
a: Heroism, Finesse, Renounce Religion


You were on level 1 of the Lair of Beasts.
You worshipped Okawaru.
Okawaru was extremely pleased with you.
You were not hungry.

You visited 3 branches of the dungeon, and saw 13 of its levels.
You also visited: Ossuary and Bailey.

You collected 767 gold pieces.
You spent 361 gold pieces at shops.

Inventory:

Hand Weapons
 a - a +2 falchion
 b - the +9 short sword "Epsorph" (weapon) {vorpal, rC++}
   (You found it on level 10 of the Dungeon)

   It inflicts extra damage upon your enemies.
   It greatly protects you from cold.
Missiles
 j - 87 bolts
Armour
 c - a +1 kite shield (worn)
 s - a +0 plate armour (worn)
 y - a +0 pair of boots (worn)
 K - a +1 cloak (worn)
 L - a +0 pair of gloves (worn)
 S - +0 ice dragon scales
Jewellery
 i - a ring of protection from magic (left hand)
 u - a +4 ring of evasion
 w - an uncursed ring of ice
 D - a +6 ring of intelligence
 O - the amulet "Jyirgh" (around neck) {Acrobat Dex+5}
   (You bought it in a shop on level 10 of the Dungeon)

   [amulet of the acrobat]

   It helps you evade while moving and waiting.
   It affects your dexterity (+5).
 Q - an uncursed ring of protection from fire
 R - a ring of poison resistance (right hand)
Wands
 E - a wand of polymorph (17)
 I - a wand of paralysis (11)
 J - a wand of iceblast (15)
 P - a wand of enslavement (10)
 U - a wand of digging (5)
Scrolls
 g - 4 scrolls of fog
 h - 7 scrolls of remove curse
 l - a scroll of identify
 m - 3 scrolls of enchant weapon
 n - 9 scrolls of teleportation
 o - a scroll of fear
 p - 9 scrolls of amnesia
 q - 2 scrolls of noise
 t - a scroll of magic mapping
 C - 3 scrolls of blinking {unknown}
 M - 4 scrolls of enchant armour
 N - a scroll of vulnerability {unknown}
 T - a scroll of acquirement {unknown}
 X - a scroll of random uselessness {unknown}
Potions
 d - 3 potions of mutation
 e - 4 potions of heal wounds
 k - 8 potions of curing
 r - 2 potions of brilliance
 v - 3 potions of cancellation {unknown}
 x - 4 potions of haste
 z - 3 potions of degeneration {unknown}
 A - a potion of lignification {unknown}
 B - a potion of flight
 F - 2 potions of berserk rage {unknown}
 G - 2 potions of resistance {unknown}
 H - a potion of experience {unknown}
 V - a potion of invisibility {unknown}
Comestibles
 f - 26 rations
 W - 9 chunks of flesh


   Skills:
 + Level 9.6 Fighting
 + Level 6.7(9.3) Short Blades
 + Level 10.8(11.6) Long Blades
 + Level 10.3 Armour
 + Level 3.4 Dodging
 + Level 0.8 Stealth
 + Level 12.8 Shields
 + Level 1.7 Invocations


You had 10 spell levels left.
You didn't know any spells.
Your spell library contained the following spells:

 Spells                   Type           Power        Failure   Level  Hunger
 Corona                   Hex            #......      100%        1    ##.....
 Foxfire                  Conj/Fire      #...         100%        1    ##.....
 Ensorcelled Hibernation  Hex/Ice        #.....       100%        2    ###....
 Confusing Touch          Hex            #.......     100%        3    ####...
 Conjure Flame            Conj/Fire      #.......     100%        3    ####...
 Dazzling Flash           Conj/Hex       #.....       100%        3    ####...
 Gell's Gravitas          Tloc           #.........   100%        3    ####...
 Inner Flame              Hex/Fire       #.......     100%        3    ####...
 Tukima's Dance           Hex            #.......     100%        3    ####...
 Petrify                  Tmut/Erth      #.......     100%        4    #####..
 Sticky Flame             Conj/Fire      #.......     100%        4    #####..
 Fireball                 Conj/Fire      #.........   100%        5    ######.
 Metabolic Englaciation   Hex/Ice        #.........   100%        5    ######.
 Yara's Violent Unravell  Hex/Tmut       #.........   100%        5    ######.


Dungeon Overview and Level Annotations

Branches:
Dungeon (11/15)            Temple (1/1) D:6            Lair (1/6) D:10
    Orc (0/2) D:10        Ossuary (visited)          Bailey (visited)

Altars:
Ashenzari
Cheibriados
Dithmenos
Elyvilon
Fedhas
Gozag
Kikubaaqudgha
Makhleb
Nemelex Xobeh
Okawaru
Qazlal
Ru
Trog
Uskayaw
Vehumet
Wu Jian
Xom
Yredelemnul
Zin
The Shining One

Shops:
D:5 (:   D:10 }**[}

Annotations:
D:9 3 runed translucent doors - dig, harness's ghost, novice TeHu


Innate Abilities, Weirdness & Mutations

You reflexively headbutt those who attack you in melee.
You have a pair of horns on your head.


Message History

The blink frog is heavily wounded.
The blink frog hits you.
* * * LOW HITPOINT WARNING * * *
You block the blink frog's attack.
You closely miss the blink frog.
The blink frog is heavily wounded.
The blink frog hits you!
* * * LOW HITPOINT WARNING * * *
The blink frog blinks!
The blink frog hits you but does no damage.
You block the blink frog's attack. The blink frog misses you.
You block the blink frog's attack.
Unknown command.
Your plate armour prevents you from hitting the blink frog.
The blink frog hits you.
* * * LOW HITPOINT WARNING * * *
Unknown command.
You closely miss the blink frog. Your headbutt misses the blink frog.
You block the blink frog's attack. The blink frog hits you.
You die...

#.P♣♣♣.#####
...............##†#####...#
.....................##..##
..(..................##..#
.....................÷...#
...........................#
..........b................#
...........................#
.....................#.....#


You could see 2 blink frogs.

Vanquished Creatures
  An orc warlord (Bailey)
  A two-headed ogre (D:10)
  2 spiny frogs (Lair:1)
  2 trolls (D:10)
  Grinder (D:3)
  4 slime creatures (D:10)
  2 blink frogs (Lair:1)
  A hippogriff (Lair:1)
  A wyvern (D:10)
  3 hogs (D:7)
  A human (D:7)
  10 yaks
  2 hungry ghosts (D:9)
  A water moccasin (Lair:1)
  A porcupine (Lair:1)
  2 sky beasts (D:9)
  8 orc warriors
  3 black bears
  2 phantoms
  A necrophage (D:7)
  9 ogres
  4 centaurs
  2 crocodiles
  4 big kobolds
  6 bullfrogs
  3 gnoll sergeants (D:10)
  4 scorpions
  7 killer bees (D:10)
  5 wights (D:7)
  A howler monkey (D:5)
  3 bullfrog zombies
  A centaur zombie (D:7)
  6 crimson imps
  A quasit (D:7)
  5 hounds
  15 orc wizards
  3 jellies
  10 orc priests
  2 centaur skeletons
  5 bullfrog skeletons
  5 iguanas
  Terence (D:3)
  Crazy Yiuf (D:7)
  Natasha (D:2)
  8 worker ants
  A big kobold zombie (Ossuary)
  8 mummies (Ossuary)
  A worker ant zombie (D:10)
  15 adders
  11 gnolls
  A shadow imp (D:7)
  An adder skeleton (D:4)
  2 worms
  3 dart slugs
  6 leopard geckos
  46 orcs
  A ball python (D:2)
  3 bat zombies (D:9)
  2 giant cockroaches
  2 gnoll zombies (Ossuary)
  12 goblins
  10 hobgoblins
  12 jackals
  A quokka (D:10)
  6 bats
  A frilled lizard (D:1)
  A giant cockroach zombie (D:5)
  2 hobgoblin zombies (Ossuary)
  20 kobolds
  A kobold zombie (Ossuary)
  A leopard gecko zombie (D:4)
  2 orc zombies (Ossuary)
  A quokka skeleton (D:9)
  12 rats
  A rat zombie (D:9)
347 creatures vanquished.

Vanquished Creatures (others)
  A quokka (D:2)
1 creature vanquished.

Grand Total: 348 creatures vanquished

Notes
Turn   | Place    | Note
-------+----------+-------------------------------------------
     0 | D:1      | Peloso the Minotaur Fighter began the quest for the Orb.
     0 | D:1      | Reached XP level 1. HP: 19/19 MP: 0/0
   371 | D:1      | Reached XP level 2. HP: 27/27 MP: 1/1
   809 | D:2      | Found a shimmering altar of Xom.
   897 | D:2      | Reached XP level 3. HP: 33/33 MP: 2/2
   907 | D:2      | Found a white marble altar of Elyvilon.
  1133 | D:2      | Found an ornate altar of the Wu Jian Council.
  1198 | D:2      | Reached skill level 4 in Shields
  1335 | D:2      | Noticed Natasha
  1348 | D:2      | Killed Natasha
  1348 | D:2      | Reached XP level 4. HP: 23/40 MP: 3/3
  1495 | D:2      | Found a glowing golden altar of the Shining One.
  1617 | D:2      | Found a shattered altar of Ashenzari.
  1889 | D:3      | Noticed Terence
  1890 | D:3      | Noticed Grinder
  1896 | D:3      | Paralysed by Grinder for 4 turns
  1903 | D:3      | Killed Terence
  1903 | D:3      | Reached XP level 5. HP: 37/47 MP: 4/4
  1906 | D:3      | Killed Grinder
  1906 | D:3      | Reached skill level 5 in Armour
  1906 | D:3      | Reached skill level 1 in Dodging
  1906 | D:3      | Reached skill level 5 in Shields
  1906 | D:3      | Reached XP level 6. HP: 12/55 MP: 5/5
  1917 | D:3      | Found a hide-covered altar of Uskayaw.
  2340 | D:3      | Found a blossoming altar of Fedhas.
  2801 | D:3      | Reached skill level 5 in Fighting
  2867 | D:5      | Entered Level 5 of the Dungeon
  2867 | D:5      | Found a radiant altar of Vehumet.
  2879 | D:5      | Reached skill level 5 in Long Blades
  2902 | D:5      | Found Kant's Book Boutique.
  3011 | D:4      | Reached XP level 7. HP: 61/61 MP: 6/6
  3394 | D:4      | Found a blossoming altar of Fedhas.
  3609 | D:4      | Reached skill level 6 in Shields
  4111 | D:5      | Reached XP level 8. HP: 67/69 MP: 7/7
  4119 | D:5      | Found Papuur's Weapon Shop.
  4246 | D:5      | Found a burning altar of Makhleb.
  4460 | D:6      | Found a staircase to the Ecumenical Temple.
  4478 | Temple   | Entered the Ecumenical Temple
  4512 | Temple   | Became a worshipper of Warmaster Okawaru
  4663 | D:6      | Found a basalt altar of Yredelemnul.
  5175 | D:5      | Reached skill level 7 in Shields
  5801 | D:7      | Found a sand-covered staircase.
  5806 | Ossuary  | Entered an ossuary
  6355 | D:7      | Reached XP level 9. HP: 70/78 MP: 8/8
  6421 | D:7      | Reached * piety under Okawaru
  6679 | D:7      | Found a runed translucent door.
  6680 | D:7      | Noticed Crazy Yiuf
  6756 | D:7      | Noticed a moth of wrath
  6760 | D:7      | Found a bloodstained altar of Trog.
  7135 | D:7      | Reached skill level 8 in Shields
  7590 | D:7      | Reached skill level 9 in Shields
  7891 | D:7      | Reached ** piety under Okawaru
  8275 | D:7      | Reached XP level 10. HP: 88/88 MP: 9/9
  8318 | D:7      | Killed Crazy Yiuf
  8379 | D:8      | Found a shadowy altar of Dithmenos.
  8521 | D:8      | Reached skill level 10 in Long Blades
  8934 | D:8      | Reached skill level 10 in Shields
  9197 | D:9      | Found a stormy altar of Qazlal.
  9346 | D:9      | Found an ancient bone altar of Kikubaaqudgha.
  9361 | D:9      | Found a runed translucent gate.
  9361 | D:9      | Found a runed translucent gate.
  9361 | D:9      | Found a runed translucent gate.
  9362 | D:9      | Noticed harness's ghost (novice TeHu)
  9434 | D:9      | Reached *** piety under Okawaru
  9808 | D:9      | Paralysed by fainting for 11 turns
  9820 | D:9      | Paralysed by fainting for 9 turns
  9970 | D:9      | Found a glowing silver altar of Zin.
 10046 | D:9      | Reached skill level 11 in Shields
 10309 | D:10     | Entered Level 10 of the Dungeon
 10312 | D:10     | Found Leor's Gadget Emporium.
 10338 | D:10     | Reached skill level 1 in Invocations
 10364 | D:10     | Found Peasmum's Assorted Antiques.
 10384 | D:10     | Bought a crude diamond amulet for 145 gold pieces
 10385 | D:10     | Identified the amulet "Jyirgh" {Acrobat Dex+5} (You bought
                  | it in a shop on level 10 of the Dungeon)
 10392 | D:10     | Found Tulud's Assorted Antiques.
 10400 | D:10     | Got a jewelled short sword
 10401 | D:10     | Identified the +9 short sword "Epsorph" {vorpal, rC++} (You
                  | found it on level 10 of the Dungeon)
 10438 | D:10     | Found a flagged portal.
 10459 | Bailey   | Entered a bailey
 10464 | Bailey   | Noticed an orc warlord
 10557 | Bailey   | Received a gift from Okawaru
 10578 | Bailey   | Found a runed translucent gate.
 10580 | Bailey   | Found a runed translucent gate.
 10581 | Bailey   | Found a runed translucent gate.
 10718 | Bailey   | Killed an orc warlord
 10718 | Bailey   | Reached **** piety under Okawaru
 10760 | Bailey   | Got a translucent leather armour
 10771 | Bailey   | Identified the +3 leather armour of the Shore {Str+9} (You
                  | found it in a bailey)
 11096 | D:10     | Reached XP level 11. HP: 95/95 MP: 11/11
 11123 | D:10     | Found Kaje's Gadget Shoppe.
 11128 | D:10     | Bought a wand of digging (5) for 216 gold pieces
 11138 | D:10     | Found Ehoamu's Armour Boutique.
 11152 | D:10     | Reached skill level 12 in Shields
 11506 | D:10     | Noticed a two-headed ogre
 11519 | D:10     | Killed a two-headed ogre
 11569 | D:10     | Found a staircase to the Orcish Mines.
 11656 | D:10     | Reached ***** piety under Okawaru
 11656 | D:10     | Reached skill level 5 in Short Blades
 12067 | D:10     | Received a gift from Okawaru
 12089 | D:10     | Noticed a centaur warrior
 12089 | D:10     | Identified the +6 morningstar "Rutzi" {vorpal, Str+6 Dex-3}
 12089 | D:10     | Identified the amulet of Safos {Spirit +Fly rN++ Str+4
                  | Int-2}
 12090 | D:10     | Noticed a two-headed ogre
 12093 | D:10     | Noticed an orc knight
 12285 | D:10     | Found a staircase to the Lair.
 12336 | D:11     | Noticed a four-headed hydra
 12394 | Lair:1   | Entered Level 1 of the Lair of Beasts
 12424 | Lair:1   | Found a snail-covered altar of Cheibriados.
 12443 | Lair:1   | Reached skill level 10 in Armour
 12597 | Lair:1   | Slain by a blink frog

Illustrated notes

Levels and vault maps discovered:
D:1:      sevenhm_arrival_forest_fort_small_6, layout_basic, minmay_liquid_box
D:2:      layout_basic, tso_altar, elyvilon_altar_4, lemuel_doored_altar,
          lemuel_coloured_pillars_altar, nicolae_overflow_crystal_walls,
          first_ration, uniq_natasha
D:3:      minmay_wonky_spiral, layout_basic, eat_drink_and_be_merry_uskayaw,
          lemuel_round_altar, uniq_terence, uniq_grinder
D:4:      layout_cave_pools, fedhas_altar_fruit_tree
D:5:      layout_cave_pools, lightli_temple_of_fire, basic_altar, serial_shops,
          shop, shop_statue
D:6:      layout_rooms, old_standard_altar, minmay_temple_entry_butterflies
D:7:      layout_basic, nicolae_ossuary_entry_ruins, grunt_ministairs_3,
          hangedman_decor_clover_reticule, grunt_livestock, tgw_trog,
          uniq_crazy_yiuf_cottage
D:8:      layout_gridville, grunt_dithmenos_smoke, minmay_misc_feat_rugged
D:9:      layout_roguey, lemuel_crystal_altar, zin_treasury,
          lemuel_zombie_altar_kikubaaqudgha, gammafunk_ghost_spectres,
          st_stairs_7
D:10:     layout_basic, lair_entry_dummy,
          kennysheep_orc_monster_closet_entryway, lightli_bailey_entry_fortress,
          serial_shops, nicolae_shop_stone, nicolae_shop_stone, shop,
          nicolae_shop_temple_entry_statues_fountains, nicolae_shop_waterfront,
          minivault_12
D:11:     layout_basic
Temple:   compressed_dpeg_triangle_lava_temple
Lair:1:   layout_gridlike, basic_altar, lemuel_fruit_fields

Skill      XL: |  1  2  3  4  5  6  7  8  9 10 11 |
---------------+----------------------------------+-----
Armour         | 4 5 6 8 9 10 | 10.3
Fighting       | 4 5 6 8 9 |  9.6
Long Blades    | 3 4 5 6 7 9 10 | 10.8
Shields        | 4 5 6 7 9 11 12 | 12.8
Dodging        | 1 2 3 |  3.4
Invocations    | 1 |  1.7
Short Blades   | 2 6 |  6.7
Stealth        | |  0.8

Action                   |  1- 3 |  4- 6 |  7- 9 | 10-12 || total
-------------------------+-------+-------+-------+-------++-------
Melee: Long sword        |    93 |    74 |   346 |       ||   513
       Headbutt          |    20 |    14 |   108 |   134 ||   276
       Falchion          |       |       |   115 |   267 ||   382
       Short sword       |       |       |       |   308 ||   308
Invok: Heroism           |       |       |     3 |     9 ||    12
  Use: Scroll            |     2 |     1 |     6 |     4 ||    13
       Potion            |       |     5 |     4 |     4 ||    13
  Eat: Chunk             |     1 |     6 |    17 |    17 ||    41
Armor: Scale mail        |    53 |    52 |       |       ||   105
       Plate armour      |       |       |   289 |   243 ||   532
Dodge: Dodged            |    23 |    24 |   136 |   201 ||   384
Block: Kite shield       |    48 |    54 |   394 |   415 ||   911
       Rpst.: Long sword |     8 |     8 |    25 |       ||    41
       Falchion          |       |       |     3 |    22 ||    25
